 Dungeon Crawl Stone Soup version 0.23.0 (webtiles) character file.

Game seed: 14319512185982899224

88 Majang the Skirmisher (level 4, -1/42 HPs)
             Began as a Naga Fighter on Feb 8, 2019.
             Slain by a giant cockroach (2 damage)
             ... on level 3 of the Dungeon.
             The game lasted 00:12:42 (2108 turns).

Majang the Skirmisher (Naga Fighter)                Turns: 2108, Time: 00:12:43

Health: -1/42      AC:  0    Str: 23    XL:     4   Next: 53%
Magic:  4/4        EV:  6    Int: 10    God:
Gold:   92         SH:  9    Dex: 10    Spells: 3/3 levels left

rFire    . . .     SeeInvis +     - Unarmed
rCold    . . .     Gourm    .   b - +0 shield
rNeg     . . .     Faith    .   a - +0 scale mail
rPois    +         Spirit   .   (no helmet)
rElec    .         Reflect  .   t - +0 cloak (curse)
rCorr    .         Harm     .   e - +1 pair of gloves
MR       .....                  (no barding)
Stlth    ..........             (no amulet)
HPRegen  0.14/turn              (no ring)
MPRegen  0.09/turn              (no ring)

@: mighty, corroded, very slow
A: large, see invisible, deformed body, poison resistance, slowness 2, slow
metabolism 1, spit poison 1, AC +1
a: Spit Poison


You were on level 3 of the Dungeon.
You were not hungry.

You visited 1 branch of the dungeon, and saw 3 of its levels.

You collected 92 gold pieces.

Inventory:

Missiles
 k - 16 arrows
 r - 5 tomahawks (quivered)
Armour
 a - a +0 scale mail (worn)
 b - a +0 shield (worn)
 e - a +1 pair of gloves (worn)
 h - a +0 chain mail
 t - a cursed +0 cloak (worn)
Jewellery
 q - a cursed -4 ring of slaying {unknown}
Scrolls
 f - 2 scrolls of fog {unknown}
 g - a scroll of identify {unknown}
 i - a scroll of enchant armour {unknown}
 j - a scroll of teleportation {unknown}
 l - a scroll of amnesia {unknown}
 p - a scroll of immolation {unknown}
 s - a scroll of remove curse {unknown}
Potions
 m - a potion of invisibility {unknown}
 n - 2 potions of flight
 o - a potion of berserk rage {unknown}
Comestibles
 d - 6 chunks of flesh
 y - 3 rations


   Skills:
 + Level 3.4 Fighting
 + Level 2.8 Armour
 + Level 1.0 Dodging
 + Level 2.8 Shields
 * Level 3.0 Unarmed Combat


You had 3 spell levels left.
You didn't know any spells.
Your spell library was empty.

Dungeon Overview and Level Annotations

Branches:
Dungeon (3/15)

Altars:
Uskayaw
The Shining One

Annotations:
D:3 Terence


Innate Abilities, Weirdness & Mutations

You cannot wear boots.
Your serpentine skin is tough. (AC +1)
You have supernaturally acute eyesight. (SInv)
Armour fits poorly on your strangely shaped body.
Your system is resistant to poisons. (rPois)
You cover ground very slowly.
You have a slow metabolism.
You can spit poison.


Message History

The jelly is heavily wounded.
You block the bat's attack. You block the jelly's attack.
You feel very mighty all of a sudden.
You have got your breath back.
You block the bat's attack. You block the jelly's attack.
Your shield and scale mail prevent you from hitting the jelly.
The jelly is heavily wounded.
You block the bat's attack.
The giant cockroach bites you but does no damage.
The jelly hits you. The acid corrodes you!
You are splashed with acid!
You punch the jelly!
Your hands burn!
The jelly is almost dead.
The giant cockroach bites you. The bat hits you.
* * * LOW HITPOINT WARNING * * *
The jelly hits you.
* * * LOW HITPOINT WARNING * * *
You are splashed with acid!
* * * LOW HITPOINT WARNING * * *
The giant cockroach bites you.
You die...

#######...........######
..... ..#).............##
#######...#.............##
###.....#(...............#
.#....)....<.............#
.........................#
.........รท...............#
#..............sJ.....)..#
#..............b@........#
#.......................##
#................#.....##
##..............########
##.....##.....##
##############


You could see a jelly, a giant cockroach and a bat.

Vanquished Creatures
  3 adders
  An ooze (D:1)
  2 worms (D:2)
  2 dart slugs
  A leopard gecko (D:2)
  4 giant cockroaches
  4 goblins
  2 hobgoblins (D:1)
  4 jackals (D:1)
  A quokka (D:3)
  5 bats
  3 frilled lizards
  6 kobolds
  11 rats
49 creatures vanquished.

Notes
Turn   | Place    | Note
-------+----------+-------------------------------------------
     0 | D:1      | Majang the Naga Fighter began the quest for the Orb.
     0 | D:1      | Reached XP level 1. HP: 21/21 MP: 1/1
   100 | D:1      | Reached XP level 2. HP: 19/28 MP: 2/2
   698 | D:1      | Reached XP level 3. HP: 34/34 MP: 3/3
  1103 | D:2      | Found a hide-covered altar of Uskayaw.
  1341 | D:2      | Reached XP level 4. HP: 42/42 MP: 4/4
  1492 | D:2      | Found a glowing golden altar of the Shining One.
  1871 | D:3      | Noticed Terence
  1878 | D:2      | Reached skill level 1 in Dodging
  2108 | D:3      | HP: 1/42 [acid (8)]
  2108 | D:3      | Slain by a giant cockroach

Skill      XL: |  1  2  3  4 |
---------------+-------------+-----
Dodging        | 1 |  1.0
Unarmed Combat | 3 |  3.0
Fighting       | |  3.4
Armour         | |  2.8
Shields        | |  2.8

Action                   |  1- 3 |  4- 6 || total
-------------------------+-------+-------++-------
Melee: Unarmed           |    90 |    32 ||   122
 Abil: Spit Poison       |    32 |    17 ||    49
  Use: Potion            |     2 |     2 ||     4
  Eat: Chunk             |     3 |       ||     3
       Ration            |       |     1 ||     1
Armor: Scale mail        |    25 |    20 ||    45
       Chain mail        |     5 |       ||     5
Dodge: Dodged            |    13 |     5 ||    18
Block: Shield            |    35 |    27 ||    62
